[Event "*** Titled Tuesday Blitz"]
[Site "Chess.com"]
[Date "2020.11.24"]
[Round "5"]
[White "Shield12"]
[Black "Firegrizzly"]
[Result "1-0"]
[WhiteElo "2910"]
[BlackElo "2606"]
[TimeControl "180+1"]
[EndTime "11:10:34 PST"]
[Termination "Shield12 won by resignation"]

1. e4 e6 2. d4 d5 3. Nd2 a6 4. Ngf3 Nf6 5. Bd3 c5 6. exd5 Qxd5 7. dxc5 Bxc5 8. Qe2 O-O 9. Ne4 Be7 10. O-O Nc6 11.
c3 Rd8 12. Nxf6+ Bxf6 13. Be4 Qb5 14. Qc2 h6 15. Be3 Bd7 16. a4 Qh5 17. Bb6 Rdc8 18. Rfd1 Be8 19. Qe2 Rab8 20. a5 Ne5 21. Ba7 Bb5 22.
Qe1 Ra8 23. Bd4 Nc6 24. Bxf6 gxf6 25. Qe3 Nd8 26. Rd4 Bc6 27. Rad1 Bxe4 28. Rxe4 Nc6 29. Rh4 Qg6 30. Rxh6 Qg7 31. Rh3 Kf8 32. Rd7 Ne7 33.
Nd4 Nd5 34. Rxd5 exd5 35. Nf5 d4 1-0

[Event "*** Titled Tuesday Blitz"]
[Site "Chess.com"]
[Date "2020.11.24"]
[Round "5"]
[White "DenishevM"]
[Black "Teo2000"]
[Result "1-0"]
[WhiteElo "2599"]
[BlackElo "2426"]
[TimeControl "180+1"]
[EndTime "11:10:34 PST"]
[Termination "DenishevM won by resignation"]

1. e4 e5 2. Nf3 Nf6 3. Nxe5 Nc6 4. Nxc6 dxc6 5. e5 Ne4 6. Qe2 Bf5 7. Nc3 Nxc3 8.
dxc3 Bc5 9. Be3 Qe7 10. Bxc5 Qxc5 11. O-O-O O-O 12. g4 Be6 13. Kb1 a5 14. f4 a4 15. a3 b5 16. Bg2 Qb6 17. f5 Bc4 18. Qd2 Rae8 19. Rhe1 c5 20. Qf4 Rb8 21. g5 b4 22.
Qxc4 bxa3 23. b3 axb3 24. cxb3 Qxb3+ 25. Qxb3 Rxb3+ 26. Ka1 Rb2 27. Bd5 Rfb8 28. g6 hxg6 29. fxg6 Rxh2 30. gxf7+ Kf8 31. Rh1 Rxh1 32. Rxh1 Ke7 33.
Bc4 Rd8 34. Rg1 Kf8 35. e6 Rd2 36. Rh1 Ke7 37. Rh8 1-0

[Event "*** Titled Tuesday Blitz"]
[Site "Chess.com"]
[Date "2020.11.24"]
[Round "5"]
[White "Ashedu66"]
[Black "onnoelgersma"]
[Result "0-1"]
[WhiteElo "2238"]
[BlackElo "2403"]
[TimeControl "180+1"]
[EndTime "11:10:34 PST"]
[Termination "onnoelgersma won on time"]

1. d4 Nf6 2. Nf3 e6 3. c4 Bb4+ 4. Nc3 O-O 5. Bd2 d5 6. e3 b6 7. cxd5 exd5 8. Bd3 a6 9. O-O Bd6 10. Ne5 c5 11. f4 Bb7 12. Qf3 b5 13. Be1 b4 14.
Ne2 Ne4 15. f5 Nd7 16. Nxd7 Qxd7 17. Ng3 Nxg3 18. Bxg3 c4 19. Bc2 Bxg3 20. Qxg3 f6 21. Rf4 Rfe8 22. Raf1 Qe7 23. R1f3 a5 24. Ba4 Rec8 25.
Rh4 Qf7 26. Qh3 h6 0-1

[Event "*** Titled Tuesday Blitz"]
[Site "Chess.com"]
[Date "2020.11.24"]
[Round "5"]
[White "petrpalachev"]
[Black "Sergey85Rodchenkov"]
[Result "1-0"]
[WhiteElo "2720"]
[BlackElo "2448"]
[TimeControl "180+1"]
[EndTime "11:10:41 PST"]
[Termination "petrpalachev won by resignation"]

1. d4 Nf6 2. Bf4 b6 3. Nd2 Bb7 4. e3 g6 5. Ngf3 Bg7 6. h3 O-O 7. a4 a5 8. Be2 d6 9. O-O Nbd7 10. c3 Re8 11. Bh2 e5 12. b4 axb4 13. cxb4 exd4 14. Nxd4 Ne4 15. Nxe4 Bxe4 16. Rc1 h5 17. Bb5 c5 18.
Ne2 cxb4 19. Bxd6 Nc5 20. Bxc5 bxc5 21. Bxe8 Qxe8 22. Rxc5 Rxa4 23. Nd4 Ra8 24. Qb3 Rb8 25. Rfc1 Bf8 26. Ra5 Qd7 27. Qc4 b3 28. Nxb3 Qb7 29.
Nc5 Bxc5 30. Rxc5 Bxg2 31. Rc8+ Rxc8 32. Qxc8+ Kg7 33. Qxb7 Bxb7 34. Rc7 Bd5 35. h4 Be6 36.
Kh2 Bf5 37. Kg3 Be6 38. Kf4 Kf6 39. e4 Bb3 40. e5+ Kg7 41. Ke3 Be6 42. f4 Kf8 43. Kd4 Ke8 44. Kc5 Kf8 45. Kd6 Bc4 46. Rxc4 1-0

[Event "*** Titled Tuesday Blitz"]
[Site "Chess.com"]
[Date "2020.11.24"]
[Round "5"]
[White "amatatanav"]
[Black "manipun1"]
[Result "1-0"]
[WhiteElo "2403"]
[BlackElo "2243"]
[TimeControl "180+1"]
[EndTime "11:10:41 PST"]
[Termination "amatatanav won by resignation"]

1. e4 d6 2. d4 Nf6 3. Nc3 g6 4. f4 Bg7 5. Nf3 c5 6. dxc5 Qa5 7. Qd3 Qxc5 8. Be3 Qa5 9. Qb5+ Nc6 10. Qxa5 Nxa5 11.
Nb5 O-O 12. Nc7 Bg4 13. Nxa8 Rxa8 14. Bd3 b6 15. h3 Bxf3 16. gxf3 Rc8 17. O-O-O Nc4 18.
Bxc4 Rxc4 19. Rd4 Rc8 20. Ra4 Rc7 21. Rd1 Nh5 22. f5 Be5 23. Rd3 Kg7 24. fxg6 hxg6 25.
Rda3 Nf4 26. Rxa7 Rc6 27. Rxe7 Ne2+ 28. Kd2 Bxb2 29. Raa7 Ng3 30. Rxf7+ Kg8 31. Rfc7 1-0

[Event "*** Titled Tuesday Blitz"]
[Site "Chess.com"]
[Date "2020.11.24"]
[Round "5"]
[White "Zarikovs1999"]
[Black "pedromartinez91"]
[Result "1-0"]
[WhiteElo "2392"]
[BlackElo "2515"]
[TimeControl "180+1"]
[EndTime "11:10:44 PST"]
[Termination "Zarikovs1999 won by resignation"]

1. e4 c5 2. Nf3 Nc6 3. d4 cxd4 4. Nxd4 d5 5. Bb5 dxe4 6. Nxc6 Qxd1+ 7. Kxd1 a6 8. Nc3 Bd7 9. Nd5 bxc6 10. Nc7+ Kd8 11. Nxa8 cxb5 12. Be3 Nf6 13. Nb6 Bg4+ 14. Kc1 Kc7 15.
h3 Be6 16. a4 b4 17. a5 g5 18.
Ra4 b3 19. Bxg5 bxc2 20. Bxf6 exf6 21. Rxe4 Bh6+ 22. f4 Rg8 23. g4 f5 24. gxf5 Bxf5 25. Rc4+ Kd6 26. Rf1 Rg3 27. Rc3 Rg1 28. Nc4+ Ke7 29.
Rxg1 Bxf4+ 30. Nd2 Bg6 31. Rf1 Bh6 32. Rxc2 Bxc2 33.
Kxc2 Ke6 34. Re1+ Kd5 35. Re7 Kc6 36. Ra7 Kb5 37. b4 Bxd2 38. Kxd2 f5 39. Rxh7 f4 40.
Rh5+ Kxb4 41. Rf5 f3 42. Rxf3 Kb5 43. h4 Ka4 44. h5 Kb4 45. h6 Kb5 46. h7 Kb4 47.
h8=Q Ka4 48. Qc3 Kb5 49. Rf5+ Ka4 1-0

[Event "*** Titled Tuesday Blitz"]
[Site "Chess.com"]
[Date "2020.11.24"]
[Round "5"]
[White "Astaneh"]
[Black "Msb2"]
[Result "0-1"]
[WhiteElo "2607"]
[BlackElo "2912"]
[TimeControl "180+1"]
[EndTime "11:10:45 PST"]
[Termination "Msb2 won on time"]

1. e4 e6 2. Nf3 d5 3. exd5 exd5 4.
d4 Bf5 5. Bd3 Ne7 6. O-O Nbc6 7.
Re1 Qd7 8. Bf4 O-O-O 9. Nc3 Ng6 10. Bg3 a6 11. Ne5 Ngxe5 12. dxe5 h5 13. h3 h4 14. Bh2 Bc5 15. a3 Bd4 16. Ne2 Bxe5 17. Bxe5 Nxe5 18. Bxf5 Qxf5 19. Nd4 Qf6 20. Re3 Kb8 21. Qf1 Nc4 22.
Rd3 Rhe8 23. b3 Ne5 24. Rd2 c5 25. Ne2 Nf3+ 26. gxf3 Qg5+ 0-1

[Event "*** Titled Tuesday Blitz"]
[Site "Chess.com"]
[Date "2020.11.24"]
[Round "5"]
[White "MIJuanReyesRosa"]
[Black "djano"]
[Result "0-1"]
[WhiteElo "2082"]
[BlackElo "2468"]
[TimeControl "180+1"]
[EndTime "11:10:45 PST"]
[Termination "djano won on time"]

1. e4 e5 2. Nf3 Nc6 3. Bb5 Nf6 4.
d4 exd4 5. O-O Nxe4 6. Nxd4 Nd6 7.
Re1+ Be7 8. Qg4 O-O 9. Bh6 Bf6 10. Nf5 Nxf5 11. Qxf5 d5 12. Qh5 gxh6 13. Bd3 Ne5 14. Rxe5 Bxe5 15. Qxe5 Qg5 16. Qxg5+ hxg5 17. Nc3 c6 18.
Re1 Bg4 19. f3 Bh5 20. Kf2 Rae8 21. Ne2 Bg6 22. Rd1 Bxd3 23. Rxd3 f6 24. Nd4 Re5 25. g4 Rfe8 26. Rd2 Kf7 27. Nf5 R8e6 28. c3 h5 29. Nd4 Re8 30. Nf5 Rd8 31. h3 hxg4 0-1

[Event "*** Titled Tuesday Blitz"]
[Site "Chess.com"]
[Date "2020.11.24"]
[Round "5"]
[White "ChainsOfFantasia"]
[Black "LamaChampetre"]
[Result "1-0"]
[WhiteElo "2485"]
[BlackElo "2219"]
[TimeControl "180+1"]
[EndTime "11:10:46 PST"]
[Termination "ChainsOfFantasia won by resignation"]

1. d4 Nf6 2. Nf3 g6 3. c4 Bg7 4. Nc3 d5 5. cxd5 Nxd5 6. e4 Nxc3 7. bxc3 c5 8. Bb5+ Bd7 9. Bxd7+ Nxd7 10. Rb1 Qa5 11.
Rxb7 Qxc3+ 12. Bd2 Qc4 13. Qe2 Qxe2+ 14. Kxe2 cxd4 15. Rc1 Ne5 16. Nxd4 O-O 17. Rxe7 Rfe8 18. Rxe8+ Rxe8 19. f3 Ng4 20. Nb5 Ne5 21. Nxa7 f5 22.
Rc8 Rxc8 23. Nxc8 fxe4 24. fxe4 Nc4 25. a4 Kf7 26. a5 Bd4 27. Kd3 Nxd2 28. Kxd2 Ke6 29.
a6 Kd7 30. a7 Kxc8 31. a8=Q+ 1-0

[Event "*** Titled Tuesday Blitz"]
[Site "Chess.com"]
[Date "2020.11.24"]
[Round "5"]
[White "dosto07"]
[Black "JustKid"]
[Result "0-1"]
[WhiteElo "2322"]
[BlackElo "2503"]
[TimeControl "180+1"]
[EndTime "11:10:47 PST"]
[Termination "JustKid won by resignation"]

1. e4 g6 2. d4 Bg7 3. Nc3 d6 4. Nf3 Nf6 5. Be2 O-O 6. O-O e6 7. Bg5 h6 8. Bh4 g5 9. Bg3 Nh5 10. Qd2 Nc6 11. d5 Nxg3 12. hxg3 exd5 13. exd5 Ne5 14.
Nxe5 Bxe5 15. f4 Bg7 16. fxg5 Qxg5 17. Qxg5 hxg5 18. Ne4 Bxb2 19. Rab1 Bd4+ 20. Kh1 f6 21. c3 Be5 22. g4 Kg7 23. g3 b6 24. Kg2 Kg6 25. Bd3 Kg7 26. Be2 Bd7 27. Rh1 Rh8 28.
Rh5 Rxh5 29. gxh5 g4 30. Rh1 Rh8 31. Rh4 f5 32. Ng5 Bf6 33. Ne6+ Bxe6 34. dxe6 Bxh4 35.
gxh4 Kf6 36. Kg3 Kxe6 37. Bc4+ d5 38. Bb5 Rxh5 39. Be8 Rh8 40. Bg6 Kf6 41. h5 Kg5 42. Bf7 Rxh5 43. Bxh5 Kxh5 0-1

[Event "*** Titled Tuesday Blitz"]
[Site "Chess.com"]
[Date "2020.11.24"]
[Round "5"]
[White "ama18"]
[Black "Zhigalko_Sergei"]
[Result "0-1"]
[WhiteElo "2455"]
[BlackElo "2887"]
[TimeControl "180+1"]
[EndTime "11:10:50 PST"]
[Termination "Zhigalko_Sergei won by resignation"]

1. e4 c5 2. Nf3 Nc6 3. d4 cxd4 4.
Nxd4 Nf6 5. Nc3 e5 6. Ndb5 d6 7. Bg5 a6 8. Na3 b5 9. Bxf6 gxf6 10. Nd5 Bg7 11. Bd3 Ne7 12. Nxe7 Qxe7 13. Qh5 f5 14. O-O d5 15. exd5 e4 16. c3 O-O 17. Bc2 Rb8 18.
Bb3 Rb6 19. Rad1 Rh6 20. Qe2 Qh4 21. h3 f4 22. Qxe4 Bxh3 23. gxh3 Qxh3 24. Qg2 Rg6 25. Qxg6 hxg6 26. f3 Bd4+ 27. Rxd4 Qg3+ 28. Kh1 Kg7 0-1

[Event "*** Titled Tuesday Blitz"]
[Site "Chess.com"]
[Date "2020.11.24"]
[Round "5"]
[White "HackingKid98"]
[Black "ChessWarrior3"]
[Result "1-0"]
[WhiteElo "2333"]
[BlackElo "2084"]
[TimeControl "180+1"]
[EndTime "11:10:50 PST"]
[Termination "HackingKid98 won by resignation"]

1. d4 Nf6 2. c4 g6 3. g3 Bg7 4.
Bg2 c6 5. Nf3 O-O 6. Nc3 d5 7.
cxd5 cxd5 8. Ne5 Bf5 9. O-O e6 10. Bg5 h6 11. Bxf6 Bxf6 12. e4 dxe4 13. Nxe4 Bxe4 14.
Bxe4 Nd7 15. Bxb7 Nxe5 16. Bxa8 Qxa8 17. dxe5 Bxe5 18. Qe2 Bd4 19. Rac1 e5 20. Rc7 Qd5 21. b3 e4 22. Rd1 Qe5 23. Rc4 Rd8 24. Kg2 f5 25.
Rd2 Qd5 26. Rcxd4 Qxd4 27. Qc4+ Qxc4 28. Rxd8+ 1-0

[Event "*** Titled Tuesday Blitz"]
[Site "Chess.com"]
[Date "2020.11.24"]
[Round "5"]
[White "SantoBlue"]
[Black "Jungle_Jaguar"]
[Result "1-0"]
[WhiteElo "2902"]
[BlackElo "2619"]
[TimeControl "180+1"]
[EndTime "11:10:51 PST"]
[Termination "SantoBlue won on time"]

1. e4 e5 2. Nf3 Nc6 3. Bc4 Nf6 4. O-O Nxe4 5. Nc3 Nd6 6. Bb3 Be7 7. Re1 O-O 8. Nxe5 Nxe5 9. Rxe5 Bf6 10. Re1 c6 11. d4 Nf5 12. d5 Nd4 13. Ne4 Nxb3 14. axb3 cxd5 15. Qxd5 d6 16. Qxd6 Qxd6 17.
Nxd6 Rd8 18. c3 Be6 19. Nxb7 Rdb8 20. Nc5 Bxb3 21. Nxb3 Rxb3 22. Rxa7 Rd8 23. Rd7 Rdb8 24. g4 h6 25. Kg2 Ra8 26. h3 Kh7 27. Rxf7 Ra1 28.
Rd7 Bg5 29. Rdd1 Bf6 30. Re2 Bg5 31. Rc2 Bf6 32. c4 Bxb2 33. c5 Be5 34. c6 Ra7 35.
Rd7 Rxd7 36. cxd7 Bf6 37. Rd2 Rb8 38. Rd5 Kg8 39. Bf4 1-0

[Event "*** Titled Tuesday Blitz"]
[Site "Chess.com"]
[Date "2020.11.24"]
[Round "5"]
[White "Semen_Khanin"]
[Black "redbaron8888"]
[Result "1-0"]
[WhiteElo "2774"]
[BlackElo "2531"]
[TimeControl "180+1"]
[EndTime "11:10:54 PST"]
[Termination "Semen_Khanin won by resignation"]

1. Nf3 e6 2. c4 Nf6 3. b3 b6 4. Bb2 Bb7 5. g3 d5 6. Bg2 Nbd7 7. O-O dxc4 8. bxc4 Be7 9. Nc3 O-O 10. e3 Ne4 11.
Qc2 Nxc3 12. Bxc3 Bf6 13. Ng5 Bxg5 14. Bxb7 Rb8 15. Bg2 Bf6 16. d4 c5 17. Rfd1 cxd4 18. exd4 Qc7 19. Qa4 b5 20. Qa6 bxc4 21. Ba5 Qc8 22. Qxa7 c3 23. Rac1 c2 24. Rf1 Bd8 25.
Bxd8 Rxd8 26. Qa4 Rb2 27. Be4 Nb6 28. Qa3 Nc4 29. Qc3 Rxa2 30. Bxc2 Nd6 31. Bxh7+ Kxh7 32. Qd3+ Kg8 33. Rxc8 Nxc8 34. h4 Ra4 35. Rd1 Ne7 36. Qb3 Raxd4 37. Rxd4 Rxd4 38. Qb8+ Kh7 39. Qe8 Nf5 40.
Qxf7 Re4 41. h5 Re1+ 42. Kg2 Re2 43. g4 Nd6 44. Qg6+ Kh8 45. Qd3 Re5 46. Qxd6 1-0

[Event "*** Titled Tuesday Blitz"]
[Site "Chess.com"]
[Date "2020.11.24"]
[Round "5"]
[White "FMJoseHerrera"]
[Black "Qvalda"]
[Result "1-0"]
[WhiteElo "2580"]
[BlackElo "2419"]
[TimeControl "180+1"]
[EndTime "11:10:55 PST"]
[Termination "FMJoseHerrera won by resignation"]

1. Nf3 d5 2. g3 g6 3. Bg2 Bg7 4. d3 e5 5. h4 h5 6. Nc3 Ne7 7. O-O O-O 8. Ng5 c6 9. e4 d4 10. Ne2 c5 11. f4 Bg4 12. f5 Nec6 13. Nh3 Nd7 14. Nf2 Bxe2 15. Qxe2 Kh7 16. Nh3 Qb6 17. Ng5+ Kg8 18. Bh3 Nf6 19. fxg6 fxg6 20. Ne6 Rf7 21. Ng5 Rff8 22. Be6+ Kh8 23. Bf7 Ne7 24. Bd2 Ng4 25.
b3 a5 26. Be6 Nh6 27. a4 Qc7 28. Bc4 Rxf1+ 29. Rxf1 Rf8 30. Ne6 Rxf1+ 31. Qxf1 Qb8 32. Bxh6 Bxh6 33. Qf6+ 1-0

[Event "*** Titled Tuesday Blitz"]
[Site "Chess.com"]
[Date "2020.11.24"]
[Round "5"]
[White "canary2016"]
[Black "Korchmar_Vasiliy"]
[Result "0-1"]
[WhiteElo "1979"]
[BlackElo "2590"]
[TimeControl "180+1"]
[EndTime "11:10:58 PST"]
[Termination "Korchmar_Vasiliy won on time"]

1. d4 Nf6 2. Bf4 g6 3. Nc3 Bg7 4. e4 O-O 5. Qd2 d5 6. e5 Ne4 7.
Nxe4 dxe4 8. c3 c5 9. O-O-O cxd4 10. cxd4 Nc6 11. Kb1 Qd5 12. Be3 Be6 13. b3 b5 14.
Ne2 Rfd8 15. Nc3 Qd7 16. Bxb5 Qb7 17. Bxc6 Qxc6 18. Rc1 Bxe5 19. Ne2 Qb7 20. Qb2 Bg7 21. Rhd1 a5 22. Nc3 Rdb8 23. Na4 Bd5 24. Rc2 Bc6 25.
Nc5 Qa7 26. Ka1 a4 27. Rc4 axb3 28. Nxb3 Bd5 29. Rc3 Qa4 30. Rb1 Ra6 31. Qc2 Rba8 32. Rb2 Bf6 33. Nc5 Qxc2 34. Rcxc2 Ra3 35. f3 exf3 36.
gxf3 Bxf3 37. Bf4 g5 38. Bg3 h5 39. Rd2 h4 40. Be1 g4 41. Rf2 Bd5 42. Rfd2 Bg5 43. Rdc2 f5 44. Rd2 f4 45. Rdc2 g3 46. Rb3 g2 47. Rxa3 Rxa3 48. Bf2 h3 49. Bg1 f3 50. Rf2 Be3 51. Rxf3 Bxg1 52. Rxh3 Bxd4+ 53. Kb1 Rxh3 0-1

[Event "*** Titled Tuesday Blitz"]
[Site "Chess.com"]
[Date "2020.11.24"]
[Round "5"]
[White "amintabatabaei"]
[Black "suyu28"]
[Result "0-1"]
[WhiteElo "2939"]
[BlackElo "2628"]
[TimeControl "180+1"]
[EndTime "11:11:01 PST"]
[Termination "suyu28 won by checkmate"]

1. d4 d5 2. Nf3 Nf6 3. Bf4 c5 4. e3 Nc6 5. c3 Bf5 6. Qb3 Qb6 7. dxc5 Qxb3 8. axb3 e6 9. b4 Be7 10. h3 O-O 11.
Nbd2 a5 12. b5 Nd8 13. b4 a4 14. b6 a3 15. Bb5 Ne4 16. Nxe4 Bxe4 17. Ke2 Bxf3+ 18. Kxf3 Bf6 19. Rhc1 e5 20. Bh2 Ne6 21. Ke2 d4 22. Bc4 dxc3 23. Bxe6 fxe6 24. e4 Ra4 25. Rxa3 Rxa3 26. Kd3 Rd8+ 27. Kc4 Rd4+ 28. Kb5 Rb3 29. c6 Rbxb4+ 30. Ka5 Ra4+ 31. Kb5 Rdb4+ 32. Kc5 Be7# 0-1

[Event "*** Titled Tuesday Blitz"]
[Site "Chess.com"]
[Date "2020.11.24"]
[Round "5"]
[White "dpopadic"]
[Black "ZEN-22"]
[Result "0-1"]
[WhiteElo "2328"]
[BlackElo "2443"]
[TimeControl "180+1"]
[EndTime "11:11:01 PST"]
[Termination "ZEN-22 won by resignation"]

1. e4 e5 2. Nf3 d5 3. Nxe5 Bd6 4. d4 dxe4 5. Nc4 Nc6 6. Nc3 f5 7. Ne3 Nf6 8. Bc4 Bb4 9. Bb5 O-O 10. Bxc6 bxc6 11. Nc4 Ba6 12. Ne5 c5 13. Nc6 Qd6 14. Nxb4 cxb4 15. Ne2 Nd5 16. Bd2 f4 17. c3 e3 18. Bc1 Bxe2 19. Qxe2 bxc3 20. O-O c2 21. Qxc2 exf2+ 22. Qxf2 f3 23. g3 Rae8 24. Qc2 Re2 25.
Qb3 Qe6 26. Rxf3 Rxf3 27. Qxf3 Re1+ 28. Kf2 h6 29. b3 Nc3 30. Be3 Rxa1 0-1

[Event "*** Titled Tuesday Blitz"]
[Site "Chess.com"]
[Date "2020.11.24"]
[Round "5"]
[White "Rainmond"]
[Black "Infernal_XaM"]
[Result "0-1"]
[WhiteElo "2779"]
[BlackElo "2847"]
[TimeControl "180+1"]
[EndTime "11:11:02 PST"]
[Termination "Infernal_XaM won by resignation"]

1. e4 Nc6 2. d4 d6 3. d5 Ne5 4.
f4 Ng6 5. g3 Nf6 6. Bg2 e5 7.
f5 Ne7 8. Bg5 c6 9. c4 Qb6 10.
Nc3 Qxb2 11. Nge2 Qb6 12. Bf3 h5 13. Rb1 Qc5 14. dxc6 bxc6 15. Qd2 Ng4 16. Bxg4 hxg4 17. Be3 Qxc4 18. Qxd6 f6 19. Qc7 Qd3 20. Kf2 Qd8 21.
Qxd8+ Kxd8 22. Rhd1+ Ke8 23. Kg2 Ba6 24. Nc1 Nc8 25.
Nb3 Nb6 26. Nc5 Bc8 27. a4 Be7 28. Nb3 Nc4 29. Bf2 Kf7 30. Nc5 Rd8 31. Rxd8 Bxd8 32.
Na2 Be7 33. Rc1 Nd2 34. Nc3 Bxc5 35. Bxc5 Nb3 36. Rd1 Nxc5 37. Rd8 Bb7 0-1

[Event "*** Titled Tuesday Blitz"]
[Site "Chess.com"]
[Date "2020.11.24"]
[Round "5"]
[White "Taron_Shagbazyan"]
[Black "maximnovik"]
[Result "0-1"]
[WhiteElo "2712"]
[BlackElo "2537"]
[TimeControl "180+1"]
[EndTime "11:11:02 PST"]
[Termination "maximnovik won by resignation"]

1. d4 Nf6 2. c4 g6 3. Nc3 d5 4.
Qb3 dxc4 5. Qxc4 Bg7 6. e4 O-O 7. Nf3 Na6 8. Be2 c5 9. d5 e6 10.
O-O exd5 11. exd5 Bf5 12. Bf4 Re8 13. a3 Ne4 14. Bd3 Nxc3 15. bxc3 Bxd3 16. Qxd3 c4 17. Qxc4 Rc8 18. Qb5 Rxc3 19. Rad1 Nc5 20. d6 a6 21. Qb1 b5 22. Rd5 Nd7 23. Qb4 Rc4 24. Qd2 Ra4 25.
Bg5 Qa5 26. Qd1 Rxa3 27. h4 Ra1 28. Bc1 Rc8 29. Bd2 Rxd1 30. Bxa5 Rxd5 0-1

[Event "*** Titled Tuesday Blitz"]
[Site "Chess.com"]
[Date "2020.11.24"]
[Round "5"]
[White "Eliwood44"]
[Black "PaulfromSPb"]
[Result "0-1"]
[WhiteElo "2471"]
[BlackElo "2674"]
[TimeControl "180+1"]
[EndTime "11:11:02 PST"]
[Termination "PaulfromSPb won by resignation"]

1. d4 Nf6 2. Nf3 e6 3. e3 c5 4. Bd3 b6 5. O-O Bb7 6. c4 Be7 7. Nc3 O-O 8. d5 exd5 9. cxd5 d6 10. e4 Nbd7 11. Bf4 a6 12. a4 Nh5 13. Be3 Re8 14. e5 dxe5 15. Nxe5 Nxe5 16. Bxh7+ Kxh7 17. Qxh5+ Kg8 18. Qxe5 Bf6 19. Qg3 Bxc3 20. bxc3 Qxd5 21. Rad1 Qh5 22. Rd7 Be4 23. Rd6 b5 24. axb5 axb5 25. Rh6 Qf5 26. Rh4 b4 27. cxb4 cxb4 28. Rg4 g6 29. Rg5 Qf6 30.
Bf4 Ra1 31. Bc1 Rc8 32. Qe3 Bd3 33. Re1 Qc3 34. Re5 Rxc1 35. Re8+ Rxe8 36. Qxe8+ Kg7 0-1

[Event "*** Titled Tuesday Blitz"]
[Site "Chess.com"]
[Date "2020.11.24"]
[Round "5"]
[White "kkpanu9"]
[Black "Tenamu"]
[Result "0-1"]
[WhiteElo "2061"]
[BlackElo "2316"]
[TimeControl "180+1"]
[EndTime "11:11:02 PST"]
[Termination "Tenamu won on time"]

1. e4 e6 2. d3 d5 3. Nd2 Nf6 4. Ngf3 Be7 5. g3 O-O 6. Bg2 c5 7. O-O Nc6 8. Re1 b5 9. e5 Nd7 10. Nf1 c4 11. h4 Nc5 12. Ne3 Ba6 13. Ng4 b4 14. Bg5 cxd3 15. Bf1 dxc2 16. Qxc2 Bxf1 17. Kxf1 Rc8 18. Bxe7 Qxe7 19. Qe2 Ne4 20. Rac1 a5 21. Qb5 Qd7 22. Nd4 Nb8 23. Qxa5 Nd2+ 24. Kg1 Nc4 25. Qxb4 Na6 26. Qb5 Qa7 27. Nb3 Rb8 28. Qa4 Rfc8 29.
a3 Qb6 30. Na1 Nc5 31. Qc2 Qxb2 0-1

[Event "*** Titled Tuesday Blitz"]
[Site "Chess.com"]
[Date "2020.11.24"]
[Round "5"]
[White "JoachimMouhamad"]
[Black "AungTZ"]
[Result "1-0"]
[WhiteElo "2472"]
[BlackElo "2129"]
[TimeControl "180+1"]
[EndTime "11:11:05 PST"]
[Termination "JoachimMouhamad won on time"]

1. e4 c5 2. Nf3 Nc6 3. d4 cxd4 4. Nxd4 Nf6 5. Nc3 d6 6. Bg5 e6 7. Qd2 a6 8. O-O-O h6 9. Bh4 Nxe4 10. Nxe4 Qxh4 11. Nxc6 Qxe4 12. Nd4 e5 13. Nb3 Be7 14. Bd3 Qxg2 15. Kb1 Qc6 16. Rhg1 Kf8 17. Qe2 Be6 18.
Rg3 a5 19. Rdg1 g5 20. Be4 Qc7 21. Qd3 a4 22. Nd2 a3 23. b3 h5 24. Nf1 h4 25.
Re3 Rh6 26. Re2 g4 27. Ne3 1-0

[Event "*** Titled Tuesday Blitz"]
[Site "Chess.com"]
[Date "2020.11.24"]
[Round "5"]
[White "Trickov"]
[Black "TheCairnTerrier"]
[Result "1-0"]
[WhiteElo "2356"]
[BlackElo "2162"]
[TimeControl "180+1"]
[EndTime "11:11:05 PST"]
[Termination "Trickov won on time"]

1. d4 Nf6 2. Nf3 g6 3. c4 Bg7 4.
g3 O-O 5. Bg2 d6 6. O-O c6 7.
Nc3 Qa5 8. e4 Bg4 9. h3 Bxf3 10.
Bxf3 e5 11. Be3 exd4 12. Bxd4 Re8 13. Rc1 Nbd7 14. Bg2 Ne5 15. b3 Rad8 16. Be3 Nfd7 17.
Qc2 Nc5 18. Rfd1 Ned7 19. Rxd6 Bxc3 20. Qxc3 Qxc3 21. Rxc3 Nxe4 22. Bxe4 Rxe4 23. Rcd3 Re7 24. Bg5 Re1+ 25. Kg2 f6 26. Bxf6 Rf8 27. Bc3 1-0

[Event "*** Titled Tuesday Blitz"]
[Site "Chess.com"]
[Date "2020.11.24"]
[Round "5"]
[White "Piotrek1979"]
[Black "Chernobay_Artem"]
[Result "1-0"]
[WhiteElo "2513"]
[BlackElo "2679"]
[TimeControl "180+1"]
[EndTime "11:11:07 PST"]
[Termination "Piotrek1979 won by resignation"]

1. e4 c5 2. Nf3 d6 3. d4 cxd4 4. Qxd4 Nc6 5. Bb5 Bd7 6. Qd3 Nf6 7. Nc3 e6 8. Bg5 a6 9. Bxc6 Bxc6 10. O-O-O Be7 11.
Nd4 Rc8 12. f4 O-O 13. h4 b5 14. e5 Nd5 15. Nxc6 Rxc6 16. Nxd5 exd5 17. Qxd5 Rc4 18. exd6 Bf6 19. d7 Bxb2+ 20. Kxb2 Qa5 21. Qd2 Rb4+ 22. Ka1 Qa3 23. c3 Rc4 24. d8=Q f6 25. Q2d5+ Kh8 26. Qxf8+ Qxf8 27. Qd8 Rc8 28. Qxf8+ Rxf8 29. Rhe1 h6 30. g3 hxg5 31. hxg5 Kh7 32. g4 fxg5 33. Rh1+ Kg6 34. Rd6+ Kf7 35. f5 Rc8 36. Re1 Rxc3 37. Rd7+ Kf8 38.
Ree7 Rc4 39. Rf7+ Ke8 40. Rde7+ Kd8 41. Ra7 Ke8 42. Rxg7 Kf8 43. Rgf7+ Ke8 44. Rg7 Kf8 45. Rh7 Kg8 46. Rag7+ Kf8 47. f6 1-0

[Event "*** Titled Tuesday Blitz"]
[Site "Chess.com"]
[Date "2020.11.24"]
[Round "5"]
[White "Hercog"]
[Black "JulAnt"]
[Result "0-1"]
[WhiteElo "2273"]
[BlackElo "2443"]
[TimeControl "180+1"]
[EndTime "11:11:07 PST"]
[Termination "JulAnt won on time"]

1. d4 Nf6 2. c4 g6 3. Nc3 Bg7 4. e4 O-O 5. Be3 d6 6. f3 c5 7. d5 e6 8. Nge2 exd5 9. cxd5 Na6 10. Ng3 Nc7 11. Be2 b5 12. O-O b4 13. Nb1 a5 14.
Nd2 a4 15. Nc4 Ba6 16. Rc1 Bxc4 17. Bxc4 Nd7 18. Qd2 Nb6 19. f4 Re8 20. f5 Nxc4 21. Rxc4 Nb5 22. Bg5 f6 23. Be3 Qd7 24. Rcc1 Re7 25.
h4 Rae8 26. Rf3 gxf5 27. Rxf5 Rxe4 28. Bf4 Nd4 29. Nxe4 Rxe4 30. g4 Nxf5 31. gxf5 Qxf5 32. Rf1 Qg4+ 33. Kh1 Qxh4+ 34. Kg1 Qg4+ 35. Kh1 Re2 0-1

[Event "*** Titled Tuesday Blitz"]
[Site "Chess.com"]
[Date "2020.11.24"]
[Round "5"]
[White "ShapkinAnatoliy"]
[Black "IANOV0007"]
[Result "1-0"]
[WhiteElo "2653"]
[BlackElo "2409"]
[TimeControl "180+1"]
[EndTime "11:11:08 PST"]
[Termination "ShapkinAnatoliy won by resignation"]

1. d4 d6 2. e4 Nf6 3. Nc3 c6 4. a4 Qa5 5. Bd2 e5 6. Nf3 Bg4 7. dxe5 dxe5 8. h3 Bxf3 9. Qxf3 Bb4 10. Bc4 Nbd7 11. O-O O-O 12. Rad1 Rad8 13. Bg5 Bxc3 14. bxc3 Qxa4 15. Bb3 Qa3 16. Rxd7 Rxd7 17. Bxf6 Qd6 18.
Bg5 Qg6 19. Be3 b5 20. Ra1 Ra8 21. Bc5 a5 22. c4 a4 23. Ba2 Rad8 24. cxb5 cxb5 25.
Bd5 h6 26. c3 Kh8 27. Bb4 f6 28. g4 h5 29. Qf5 Qxf5 30. gxf5 Rc7 31. Ba5 Rdc8 32. Bxc7 Rxc7 33. c4 bxc4 34. Rxa4 c3 35. Ra1 Kh7 36. Kf1 g6 37. fxg6+ Kxg6 38. h4 f5 39. Ke2 fxe4 40. Bxe4+ Kf6 41. Rc1 Rc4 42. f3 Ke6 43. Kd3 Rd4+ 44. Kxc3 Ra4 45. Rb1 Ra3+ 46.
Rb3 Ra2 47. Rb6+ Ke7 48. Rh6 Ra3+ 49. Kc4 1-0

[Event "*** Titled Tuesday Blitz"]
[Site "Chess.com"]
[Date "2020.11.24"]
[Round "5"]
[White "Zkid"]
[Black "Lion-Al-Messi"]
[Result "1-0"]
[WhiteElo "2796"]
[BlackElo "2559"]
[TimeControl "180+1"]
[EndTime "11:11:09 PST"]
[Termination "Zkid won by checkmate"]

1. e4 b6 2. d4 Bb7 3. Bd3 e6 4. Nf3 c5 5. d5 exd5 6. exd5 Bxd5 7. O-O Nf6 8. Re1+ Be7 9. Nc3 Be6 10. Ng5 O-O 11. Nce4 h6 12. Nxe6 fxe6 13. Qf3 Nc6 14. Qg3 Nxe4 15. Rxe4 Bg5 16. Rg4 d5 17. Bxg5 hxg5 18.
Rxg5 Qf6 19. Qh4 c4 20. Bg6 Rfd8 21. Re1 Kf8 22. Rf5 exf5 23. Qh8# 1-0